 Dungeon Crawl Stone Soup version 0.31-a0-1499-ge0622b2318 (webtiles) character file.

Game seed: 13612750245134849147

129 zazu2006 the Apothecary (level 5, -1/37 HPs)
             Began as a Gnoll Wanderer on Dec 30, 2023.
             Succumbed to an orc wizard's poison
             ... on level 3 of the Dungeon.
             The game lasted 00:04:14 (1756 turns).

zazu2006 the Apothecary (Gnoll Wanderer)            Turns: 1756, Time: 00:04:14

Health: -1/37      AC:  7    Str: 12    XL:     5   Next: 12%
Magic:  9/9        EV:  9    Int: 12    God:
Gold:   110        SH:  0    Dex: 12    Spells: 9/10 levels left

rFire   + . .        p - +8 sling of Charity {heavy, *Corrode rElec rF+ rN++}
rCold   . . .        (no shield)
rNeg    + + .        b - +0 scale mail
rPois   .            (no helmet)
rElec   +            (no cloak)
rCorr   .            (no gloves)
SInv    .            (no boots)
Will    .....        d - amulet of regeneration Stlth
                     (no ring)
HPRegen 1.06/turn    (no ring)
MPRegen 0.11/turn

%: corrode self (3%)
@: lethally poisoned (-1 -> -6), hasted, very quick
A: fangs 1, strong nose, distributed training
a: no special abilities


You were on level 3 of the Dungeon.
You visited 1 branch of the dungeon, and saw 3 of its levels.

You collected 110 gold pieces.

Inventory:

Hand Weapons
 a - a +0 hand axe
 j - a +1 short sword of speed
 p - the +8 sling of Charity (weapon) {heavy, *Corrode rElec rF+ rN++}
   (You found it on level 3 of the Dungeon)

   rF+:       It protects you from fire.
   rElec:     It insulates you from electricity.
   rN++:      It greatly protects you from negative energy.
   *Corrode:  It may corrode you when you take damage.
Armour
 b - a +0 scale mail (worn)
Magical Staves
 h - a staff of cold
Jewellery
 d - an amulet of regeneration (around neck)
Scrolls
 c - 2 scrolls of fear
 e - a scroll of teleportation {unknown}
 g - 2 scrolls of identify {unknown}
 k - a scroll of enchant armour {unknown}
 l - a scroll of revelation {unknown}
 m - a scroll of immolation {unknown}
 q - a scroll of noise {unknown}
Potions
 i - a potion of berserk rage {unknown}
 n - a potion of brilliance
 o - a potion of cancellation


   Skills:
 + Level 1.4 Fighting
 + Level 1.4 Short Blades
 + Level 1.4 Long Blades
 + Level 4.7 Axes
 + Level 1.4 Maces & Flails
 + Level 1.4 Polearms
 + Level 1.4 Staves
 + Level 1.4 Ranged Weapons
 + Level 1.4 Throwing
 + Level 6.7 Armour
 + Level 1.4 Dodging
 + Level 1.4 Stealth
 + Level 1.4 Shields
 + Level 1.4 Unarmed Combat
 + Level 3.1 Spellcasting
 + Level 1.1 Conjurations
 + Level 1.1 Hexes
 + Level 1.1 Summonings
 + Level 1.1 Necromancy
 + Level 1.1 Translocations
 + Level 1.1 Fire Magic
 + Level 1.1 Ice Magic
 + Level 1.1 Air Magic
 + Level 1.1 Earth Magic
 + Level 7.2 Alchemy
 + Level 1.6 Invocations
 + Level 1.4 Evocations
 + Level 1.3 Shapeshifting


You had 9 spell levels left.
You knew the following spells:

 Your Spells              Type           Power      Damage    Failure   Level
a - Sting                 Conj/Alch      44%        1d5       19%         1

Your spell library contained the following spells:

 Spells                   Type           Power      Damage    Failure   Level
 Mephitic Cloud           Conj/Alch/Air  9%         N/A       63%         3
 Leda's Liquefaction      Alch/Erth      5%         N/A       88%         4


Dungeon Overview and Level Annotations

Branches:
Dungeon (3/15)

Altars:
The Shining One


Innate Abilities, Weirdness & Mutations

You have very sharp teeth.
Your uncanny sense of smell can sniff out nearby items.
Your experience applies equally to all skills.


Message History

A puff of flame appears from out of thin air!
The puff of flame hits you. You resist.
You feel very sick.
You feel sick.
You hear some strange, mumbled words.
You are confused.
Non-targeted confused fire: p) +8 sling of Charity {heavy, *Corrode rElec rF+ rN++}
Press: ? - help, Q - select action, (/) - cycle Dir - look around, f - activate You shoot a sling bullet.
You feel very sick. Something hits you.
It was a potion of brilliance.
You feel clever all of a sudden.
You feel sick. Something hits you.
You are more poisoned.
It was a potion of cancellation.
Your magical effects are unravelling.
You feel magically purged.
You feel less confused.
You feel a little less clever now.
You feel very sick. Something hits you.
You are lethally poisoned!
The orc wizard casts a spell at you.
The puff of flame hits something!
Reactivating autopickup.
You feel a bit more experienced.
You have reached level 5!
Unknown command.
Fire: p) +8 sling of Charity {heavy, *Corrode rElec rF+ rN++}
Press: ? - help, Q - select action, (/) - cycle Shift-Dir - straight line, f - orc wizard
Aim: an orc wizard, wielding a +0 dagger and wearing a +0 robe (58% to hit)
You shoot a sling bullet. The sling bullet hits the orc wizard!
The orc wizard is almost dead.
* * * LOW HITPOINT WARNING * * *
You feel extremely sick. The orc wizard casts a spell at you.
The magic dart hits you!
* * * LOW HITPOINT WARNING * * *
It was a potion of haste.
You feel yourself speed up.
You die...

... . #..## ###.
###...##...
........##).
#..........
#.......... #.# ∆#o#
#.# #@# #.# ##'## #.#
##...## #.# ##.....##
### #.# #.......##
##.###.#
#.........####...##.##
+.........†...........
#.........####...##.##
##.......## ##.###.#


You could see an orc wizard.

Vanquished Creatures
  An iguana (D:3)
  3 adders
  A ribbon worm (D:3)
  A dart slug (D:2)
  An orc (D:3)
  A ball python (D:1)
  9 endoplasms
  4 goblins
  4 hobgoblins
  3 jackals (D:3)
  2 quokkas (D:1)
  4 bats
  A frilled lizard (D:1)
  6 kobolds
  3 rats
44 creatures vanquished.

Vanquished Creatures (others)
  An orc wizard (D:3)
1 creature vanquished.

Grand Total: 45 creatures vanquished

Notes
Turn   | Place    | Note
-------+----------+-------------------------------------------
     0 | D:1      | zazu2006 the Gnoll Wanderer began the quest for the Orb.
     0 | D:1      | zazu2006 set off with the following items: a +0 hand axe, a
                  | +0 scale mail, a scroll of fear; and the following spell
                  | memorised: Sting; and the following spells available to
                  | memorise: Mephitic Cloud, Leda's Liquefaction.
     0 | D:1      | Reached XP level 1. HP: 13/13 MP: 4/4
   113 | D:1      | Reached XP level 2. HP: 19/19 MP: 0/5
   858 | D:2      | Reached XP level 3. HP: 25/25 MP: 7/7
   975 | D:2      | Reached skill level 1 in Invocations
  1070 | D:3      | Reached skill level 1 in Fighting
  1070 | D:3      | Reached skill level 1 in Short Blades
  1070 | D:3      | Reached skill level 1 in Long Blades
  1070 | D:3      | Reached skill level 1 in Maces & Flails
  1070 | D:3      | Reached skill level 1 in Polearms
  1070 | D:3      | Reached skill level 1 in Staves
  1070 | D:3      | Reached skill level 1 in Ranged Weapons
  1070 | D:3      | Reached skill level 1 in Throwing
  1070 | D:3      | Reached skill level 1 in Dodging
  1070 | D:3      | Reached skill level 1 in Stealth
  1070 | D:3      | Reached skill level 1 in Shields
  1070 | D:3      | Reached skill level 1 in Unarmed Combat
  1070 | D:3      | Reached skill level 1 in Evocations
  1132 | D:3      | Reached skill level 1 in Shapeshifting
  1132 | D:3      | Reached XP level 4. HP: 31/32 MP: 8/8
  1223 | D:3      | Found a faded altar of an unknown god.
  1356 | D:3      | Identified the +8 sling of Charity {heavy, *Corrode rElec
                  | rF+ rN++}
  1442 | D:3      | Reached skill level 1 in Conjurations
  1442 | D:3      | Reached skill level 1 in Hexes
  1442 | D:3      | Reached skill level 1 in Summonings
  1442 | D:3      | Reached skill level 1 in Necromancy
  1442 | D:3      | Reached skill level 1 in Translocations
  1442 | D:3      | Reached skill level 1 in Fire Magic
  1442 | D:3      | Reached skill level 1 in Ice Magic
  1442 | D:3      | Reached skill level 1 in Air Magic
  1442 | D:3      | Reached skill level 1 in Earth Magic
  1662 | D:3      | Found a glowing golden altar of the Shining One.
  1755 | D:3      | Reached XP level 5. HP: 16/37 MP: 9/9
  1755 | D:3      | HP: 1/37 [orc wizard/magic dart (7)]
  1756 | D:3      | Succumbed to an orc wizard's poison

Illustrated notes

Levels and vault maps discovered:
D:1:      heliophobic_arrival_ceremonial_halls, layout_rooms,
          hangedman_decor_growths
D:2:      layout_basic
D:3:      layout_loops_corners, mainiacjoe_overflow_alcove_2,
          hellmonk_ecumenical_altar_leap_of_faith

Skill      XL: |  1  2  3  4 |
---------------+-------------+-----
Invocations    | 1 |  1.6
Fighting       | 1 |  1.4
Short Blades   | 1 |  1.4
Long Blades    | 1 |  1.4
Maces & Flails | 1 |  1.4
Polearms       | 1 |  1.4
Staves         | 1 |  1.4
Ranged Weapons | 1 |  1.4
Throwing       | 1 |  1.4
Dodging        | 1 |  1.4
Stealth        | 1 |  1.4
Shields        | 1 |  1.4
Unarmed Combat | 1 |  1.4
Evocations     | 1 |  1.4
Shapeshifting  | 1 |  1.3
Spellcasting   | 3 |  3.1
Conjurations   | 1 |  1.1
Hexes          | 1 |  1.1
Summonings     | 1 |  1.1
Necromancy     | 1 |  1.1
Translocations | 1 |  1.1
Fire Magic     | 1 |  1.1
Ice Magic      | 1 |  1.1
Air Magic      | 1 |  1.1
Earth Magic    | 1 |  1.1
Axes           | |  4.7
Armour         | |  6.7
Alchemy        | |  7.2

Action                     |  1- 3 |  4- 6 || total
---------------------------+-------+-------++-------
  Melee: Hand axe          |   103 |    33 ||   136
         Bite              |    11 |     4 ||    15
   Fire: Sling             |       |    17 ||    17
   Cast: Sting             |     8 |     1 ||     9
    Use: Potion            |       |     3 ||     3
 Armour: Scale mail        |    77 |    33 ||   110
  Dodge: Dodged            |    52 |    25 ||    77

Table legend: (Time is in decaauts)
 A = Elapsed time spent in this place.
 B = Non-inter-level travel time spent in this place.
 C = Inter-level travel time spent in this place.
 D = Time resting spent in this place.
 E = Time spent auto-exploring this place.
 F = Levels seen in this place.
 G = Mean time per level.
                   A        B        C        D        E       F      G
               +--------+--------+--------+--------+--------+-----+--------+
         Total |   1785 |   1691 |     94 |      0 |   1311 |   3 |  595.0 |
       Dungeon |   1785 |   1691 |     94 |      0 |   1311 |   3 |  595.0 |
               +--------+--------+--------+--------+--------+-----+--------+

Top non-repeatable levels by time:
     D:3: 774 daAuts
     D:1: 627 daAuts
     D:2: 383 daAuts
